 Dungeon Crawl Stone Soup version 0.28.0-53-g5a82cb258f (webtiles) character file.

Game seed: 8155760760833705229

4333 mcbry74 the Martial Artist (level 10, -7/65 HPs)
             Began as a Merfolk Transmuter on July 6, 2022.
             Was a Priest of the Shining One.
             Mangled by an orc warrior
             ... wielding a +0 halberd
              (13 damage)
             ... in a bailey.
             The game lasted 00:35:19 (11477 turns).

mcbry74 the Martial Artist (Merfolk Transmuter)    Turns: 11477, Time: 00:35:21

Health: -7/65      AC: 10    Str: 11    XL:     10   Next: 33%
Magic:  14/14      EV: 12    Int: 16    God:    the Shining One [***...]
Gold:   484        SH:  0    Dex: 15    Spells: 7/13 levels left

rFire   . . .      SeeInvis .     - Unarmed
rCold   + . .      Faith    +   (no shield)
rNeg    + + .      Spirit   .   A - +1 ring mail "Ikoegus" {rC+}
rPois   .          Reflect  .   C - +1 hat
rElec   .          Harm     .   E - +1 cloak
rCorr   .          Rampage  .   (no gloves)
Will    .....                   (no boots)
Stlth   +.........              F - amulet of faith
HPRegen 0.20/turn               o - +4 ring of slaying
MPRegen 0.14/turn               n - ring of positive energy

@: wereblooded, glowing
A: (nimble swimmer 2), mertail
a: Renounce Religion, Divine Shield, Cleansing Flame


You were in a bailey.
You worshipped the Shining One.
The Shining One was most pleased with you.
You visited 1 branch of the dungeon, and saw 9 of its levels.
You also visited: Bailey.

You collected 484 gold pieces.

Inventory:

Hand Weapons
 m - a +1 dagger of venom
Missiles
 e - 21 javelins
 y - 2 boomerangs of dispersal
 z - 8 boomerangs
 G - 5 atropa-tipped darts
Armour
 a - a +0 robe
 j - a +0 leather armour of fire resistance
 A - the +1 ring mail "Ikoegus" (worn) {rC+}
   (You found it on level 6 of the Dungeon)

   rC:        It protects you from cold.
 B - the +0 pair of gloves "Vimeuvie" {*Slow rElec rF+ MP+9}
   (You found it on level 6 of the Dungeon)

   rF:        It protects you from fire.
   rElec:     It insulates you from electricity.
   MP:        It affects your magic capacity (+9).
   *Slow:     It may slow you when you take damage.
 C - a +1 hat (worn)
 E - a +1 cloak (worn)
Jewellery
 k - a ring of see invisible
 n - a ring of positive energy (right hand)
 o - a +4 ring of slaying (left hand)
 x - a ring of protection from cold
 F - an amulet of faith (around neck)
Wands
 q - a wand of flame (53)
Scrolls
 c - a scroll of blinking {unknown}
 d - 2 scrolls of fear {unknown}
 f - a scroll of amnesia {unknown}
 h - 4 scrolls of magic mapping
 i - 3 scrolls of enchant weapon {unknown}
 l - 5 scrolls of teleportation {unknown}
 p - a scroll of enchant armour {unknown}
 r - a scroll of summoning {unknown}
 t - 2 scrolls of vulnerability {unknown}
 w - a scroll of holy word {unknown}
 H - 2 scrolls of noise {unknown}
 I - a scroll of identify
 J - a scroll of fog {unknown}
Potions
 b - a potion of ambrosia {unknown}
 g - 2 potions of might
 s - a potion of berserk rage
 u - a potion of mutation
 v - 2 potions of brilliance
 D - 2 potions of curing
 K - a potion of invisibility {unknown}


   Skills:
 - Level 1.1 Fighting
 + Level 4.8 Armour
 + Level 4.9 Dodging
 * Level 11.0 Unarmed Combat
 - Level 2.0 Spellcasting
 - Level 8.0 Transmutations
 - Level 2.1 Poison Magic
 + Level 6.2 Invocations


You had 7 spell levels left.
You knew the following spells:

 Your Spells              Type           Power      Damage    Failure   Level
a - Beastly Appendage     Tmut           54%        N/A       1%          1
b - Wereblood             Tmut           27%        N/A       2%          2
c - Spider Form           Tmut/Pois      17%        N/A       17%         3

Your spell library contained the following spells:

 Spells                   Type           Power      Damage    Failure   Level
 Ice Form                 Ice/Tmut       14%        N/A       65%         4
 Inner Flame              Hex/Fire       1%         N/A       80%         3
 Cause Fear               Hex            0%         N/A       99%         4
 Iskenderun's Battlesphe  Conj           1%         2d6       100%        5
 Iron Shot                Conj/Erth      0%         9d1       100%        6
 Spellforged Servitor     Conj/Summ      0%         N/A       100%        7
 Discord                  Hex            0%         N/A       100%        8


Dungeon Overview and Level Annotations

Branches:
Dungeon (9/15)             Temple (0/1) D:6          Bailey (1/1)
   Lair: D:8-11         Orc: D:9-12

Altars:
Ashenzari
Cheibriados
Dithmenos
Elyvilon
Fedhas
Gozag
Makhleb
Ru
Trog
The Shining One

Annotations:
D:8 2 transporters, mandor's ghost, novice DjVM


Innate Abilities, Weirdness & Mutations

((You are very nimble when in or above water. (Stealth+, EV+, Speed+++)))
Your lower body shifts to a powerful aquatic tail in water.


Message History

You hit the orc warrior but do no damage.
The orc warrior is almost dead.
The orc warrior barely misses you. The orc closely misses you.
You barely miss the orc warrior.
The orc warrior is almost dead.
You howl as the wereblood boils in your veins!
The orc hits you with a +0 spear.
The orc warrior hits you with a +0 halberd!
You hit the orc warrior but do no damage.
The orc warrior is almost dead.
The orc hits you but does no damage. The orc barely misses you.
The orc warrior misses you.
You closely miss the orc warrior.
The orc warrior is almost dead.
The orc barely misses you. The orc hits you with a +0 spear.
You hit the orc warrior. Your punch misses the orc warrior.
The orc warrior is almost dead.
The orc warrior hits you with a +0 halberd!
The orc misses you. The orc hits you but does no damage.
You hit the orc warrior.
The orc warrior is almost dead.
The orc warrior hits you with a +0 halberd!
* * * LOW HITPOINT WARNING * * *
The orc hits you with a +0 trident.
* * * LOW HITPOINT WARNING * * *
The orc hits you from afar with a +0 spear.
* * * LOW HITPOINT WARNING * * *
The orc warrior closely misses you. The orc barely misses you.
You hit the orc warrior.
The orc warrior is almost dead.
The orc closely misses you.
The orc warrior hits you but does no damage.
You closely miss the orc warrior.
The orc warrior is almost dead.
You howl as the wereblood boils in your veins!
The orc misses you.
The orc hits you from afar with a +0 spear.
* * * LOW HITPOINT WARNING * * *
The orc warrior hits you with a +0 halberd!
You die...

##.... ##....
##..... #######
#≈....#####.)).)####
#≈...##....≈≈≈≈≈)...
#≈...#.⌠.≈≈≈).)≈≈≈.⌠
#≈oo.#..≈≈..≈.≈).≈≈.
#≈..⌠#.≈≈.≈≈≈.≈≈≈.≈≈
#≈o@##.≈.≈≈..)).≈≈.≈
#≈..#.≈≈.≈.≈≈≈≈≈.≈.≈
#≈..#.≈.≈≈.≈...≈)≈≈.
#≈..#.≈.≈.≈≈...≈≈.≈.
#≈..#.≈.≈.≈.⌠∩⌠.≈.≈.
#≈..#.≈.≈.≈..∩..≈.≈.
#≈).#.≈)≈.≈.⌠∩⌠.≈.≈.
#≈).#.≈.≈.≈≈...≈≈.≈.
#≈..#.≈.≈≈.≈...≈.≈≈.


You could see an orc warrior and 2 orcs.

Vanquished Creatures
  A two-headed ogre (D:7)
  A troll (D:8)
  Sigmund (D:3)
  A wyvern (D:6)
  A steam dragon (D:6)
  Edmund (D:6)
  3 vampire mosquitoes (D:8)
  A water moccasin (D:7)
  An ice beast (D:7)
  2 orc warriors
  A necrophage (D:8)
  3 ogres
  4 centaurs
  The ghost of diceflayer the Skirmisher, an amateur OpFi (D:3)
  A phantom (D:5)
  3 bullfrogs
  A scorpion (D:4)
  3 wights (D:8)
  2 howler monkeys (D:8)
  A bullfrog zombie (D:6)
  4 hounds
  5 orc priests
  Crazy Yiuf (D:6)
  4 centaur skeletons
  A bullfrog skeleton (D:6)
  3 iguanas
  7 orc wizards
  A hound skeleton (D:5)
  2 howler monkey zombies
  7 adders
  3 white imps
  4 dart slugs
  3 worms
  47 orcs
  11 endoplasms
  5 giant cockroaches
  8 goblins
  6 hobgoblins
  6 kobolds
  5 quokkas
  10 ball pythons
  4 bats
  3 frilled lizards
  4 rats
187 creatures vanquished.

Vanquished Creatures (others)
  An ice beast (D:6)
  An orc (D:6)
2 creatures vanquished.

Grand Total: 189 creatures vanquished

Notes
Turn   | Place    | Note
-------+----------+-------------------------------------------
     0 | D:1      | mcbry74 the Merfolk Transmuter began the quest for the Orb.
     0 | D:1      | Reached XP level 1. HP: 15/15 MP: 3/3
   233 | D:1      | Reached XP level 2. HP: 19/21 MP: 3/5
   281 | D:1      | Reached skill level 4 in Unarmed Combat
   866 | D:1      | Learned a level 2 spell: Wereblood
  1172 | D:1      | Found a faded altar of an unknown god.
  1180 | D:1      | Prayed at the altar of an unknown god.
  1180 | D:1      | Became a worshipper of the Shining One
  1180 | D:1      | Reached * piety under the Shining One
  1282 | D:1      | Reached XP level 3. HP: 26/26 MP: 4/6
  1708 | D:2      | HP: 1/26 [poisoned by an adder]
  2625 | D:2      | Reached skill level 5 in Unarmed Combat
  3282 | D:2      | Reached XP level 4. HP: 31/32 MP: 5/7
  3688 | D:2      | Reached skill level 1 in Armour
  3790 | D:3      | Learned a level 3 spell: Spider Form
  4038 | D:3      | Found a white marble altar of Elyvilon.
  4159 | D:3      | Reached XP level 5. HP: 37/37 MP: 6/8
  4412 | D:3      | Noticed Sigmund
  4428 | D:3      | Killed Sigmund
  4429 | D:3      | Reached skill level 6 in Unarmed Combat
  4429 | D:3      | Reached skill level 1 in Poison Magic
  4429 | D:3      | Reached XP level 6. HP: 42/43 MP: 6/9
  4463 | D:3      | Found a blossoming altar of Fedhas.
  4463 | D:3      | Found a burning altar of Makhleb.
  4463 | D:3      | Found a bloodstained altar of Trog.
  4570 | D:3      | Found a runed translucent gate.
  4571 | D:3      | Found a runed translucent gate.
  4572 | D:3      | Found a runed translucent gate.
  4573 | D:3      | Found an opulent altar of Gozag.
  4576 | D:3      | Noticed diceflayer's ghost (amateur OpFi)
  5497 | D:4      | Reached ** piety under the Shining One
  5917 | D:4      | Reached XP level 7. HP: 47/48 MP: 10/10
  5965 | D:5      | Entered Level 5 of the Dungeon
  5990 | D:5      | Found a shadowy altar of Dithmenos.
  6003 | D:5      | Reached skill level 1 in Invocations
  6070 | D:5      | Found a broken altar of Ashenzari.
  6231 | D:5      | Reached skill level 7 in Unarmed Combat
  6579 | D:6      | Reached skill level 5 in Transmutations
  6584 | D:6      | Reached XP level 8. HP: 52/54 MP: 9/11
  6596 | D:6      | Noticed a wyvern
  6603 | D:6      | HP: 3/81 [bullfrog zombie (2)]
  6604 | D:6      | Killed a wyvern
  6605 | D:6      | Reached skill level 8 in Unarmed Combat
  7377 | D:6      | Identified the +1 ring mail "Ikoegus" {rC+}
  7473 | D:6      | Reached XP level 9. HP: 59/59 MP: 9/12
  7476 | D:6      | Reached skill level 9 in Unarmed Combat
  7478 | D:6      | Identified the +0 pair of gloves "Vimeuvie" {*Slow rElec
                  | rF+ MP+9}
  7576 | D:6      | Found a runed translucent door.
  7577 | D:6      | Noticed Crazy Yiuf
  7588 | D:6      | Killed Crazy Yiuf
  7983 | D:6      | Noticed Edmund
  8004 | D:6      | Killed Edmund
  8173 | D:6      | Found a staircase to the Ecumenical Temple.
  8520 | D:7      | Noticed a two-headed ogre
  8529 | D:7      | Killed a two-headed ogre
  8530 | D:7      | Reached skill level 5 in Invocations
  8866 | D:7      | Reached skill level 10 in Unarmed Combat
  9087 | D:7      | Reached *** piety under the Shining One
  9582 | D:8      | Noticed a troll
  9590 | D:8      | Killed a troll
  9591 | D:8      | Reached XP level 10. HP: 19/65 MP: 14/14
  9885 | D:8      | Found a transporter.
  9885 | D:8      | Found a transporter.
  9886 | D:8      | Noticed mandor's ghost (novice DjVM)
 10038 | D:8      | Found a snail-covered altar of Cheibriados.
 10242 | D:8      | Found an opulent altar of Gozag.
 10829 | D:3      | Killed diceflayer's ghost
 11065 | D:9      | Found a sacrificial altar of Ru.
 11083 | D:9      | Found a flagged portal.
 11092 | Bailey   | Entered a bailey
 11114 | Bailey   | Reached skill level 11 in Unarmed Combat
 11477 | Bailey   | Mangled by an orc warrior

Illustrated notes

Levels and vault maps discovered:
D:1:      dpeg_arrival_line_fractal, layout_loops_ring,
          ebering_ecumenical_altar_webs, minmay_pentomino_x4
D:2:      layout_basic, hangedman_glass_teeth
D:3:      layout_basic, lemuel_doored_altar, minitemple, serial_glass,
          glass_columns_a, glass_columns_b, glass_columns_b, glass_columns_b,
          glass_columns_b, glass_columns_c, glass_columns_a, glass_columns_b,
          ebering_ghost_gozag, uniq_sigmund
D:4:      layout_basic
D:5:      layout_rooms, nicolae_dithmenos_through_a_glass_darkly,
          nicolae_ashenzari_skybound, serial_park_tiny_2
D:6:      layout_loops_ring, lemuel_temple_firewalk_b, uniq_edmund,
          uniq_crazy_yiuf_cottage
D:7:      layout_gridville
D:8:      layout_rooms, kennysheep_slug_shrine, kennysheep_little_box,
          gammafunk_ghost_smash
D:9:      layout_gridville, amcnicky_altar_gilded, enter_bailey_1, special_room
          [special_room_kobold], minmay_pinched_square
Bailey:   bailey_polearm_flooded_kennysheep, bailey

Skill      XL: |  1  2  3  4  5  6  7  8  9 10 |
---------------+-------------------------------+-----
Unarmed Combat | 4 5 6 7 8 10 11 | 11.0
Armour         | 1 2 3 4 |  4.8
Transmutations | 3 4 5 6 8 |  8.0
Poison Magic   | 1 2 |  2.1
Invocations    | 2 4 5 6 |  6.2
Dodging        | 3 4 |  4.9
Fighting       | |  1.1
Spellcasting   | |  2.0

Action                   |  1- 3 |  4- 6 |  7- 9 | 10-12 || total
-------------------------+-------+-------+-------+-------++-------
Melee: Unarmed           |    92 |   104 |   205 |    81 ||   482
       Headbutt          |     8 |    17 |    35 |    15 ||    75
       Punch             |       |     5 |    12 |     6 ||    23
       Tailslap          |       |       |       |     4 ||     4
 Cast: Beastly Appendage |    17 |    24 |    24 |     5 ||    70
       Wereblood         |       |     3 |    10 |     4 ||    17
Invok: Divine Shield     |       |       |     4 |     2 ||     6
  Use: Potion            |     3 |       |     1 |       ||     4
       Scroll            |       |       |     5 |     1 ||     6
 Stab: Sleeping          |     1 |       |       |       ||     1
Armor: Robe              |     8 |       |       |       ||     8
       Leather armour    |    13 |    12 |    32 |       ||    57
       Ring mail         |       |       |     3 |    23 ||    26
Dodge: Dodged            |    55 |    35 |    99 |    77 ||   266
Block: Other             |       |       |     8 |    23 ||    31
